 Dungeon Crawl Stone Soup version 0.31-a0-345-g1ebeae05c6 (console) character file.

Game seed: 14141764837688841292

294 petzl the Magician (level 6, -6/47 HPs)
             Began as a Formicid Delver on July 22, 2023.
             Killed by divine providence
             ... invoked by an orc priest
              (13 damage)
             ... on level 7 of the Dungeon on July 24, 2023.
             The game lasted 00:11:18 (1955 turns).

petzl the Magician (Formicid Delver)                Turns: 1955, Time: 00:11:19

Health: -6/47      AC:  3    Str: 17    XL:     6   Next: 60%
Magic:  15/15      EV: 12    Int: 11    God:
Gold:   52         SH:  0    Dex: 15    Spells: 17/17 levels left

rFire   . . .        a - +0 mace
rCold   . . .        (no shield)
rNeg    . . .        b - +0 leather armour
rPois   .            (helmet unavailable)
rElec   .            (no cloak)
rCorr   .            (no gloves)
SInv    +            (no boots)
Will    .....        (no amulet)
Stlth   +++          (no ring)
HPRegen 0.27/turn    (no ring)
MPRegen 0.14/turn

%: no passive effects
@: no status effects
A: permanent stasis, dig shafts and tunnels, antennae 3, four strong arms
a: Dig, Shaft Self


You were on level 7 of the Dungeon.
You visited 1 branch of the dungeon, and saw 4 of its levels.
You also visited: Ossuary.

You collected 52 gold pieces.

Inventory:

Hand Weapons
 a - a +0 mace (weapon)
Armour
 b - a +0 leather armour (worn)
Wands
 f - a wand of digging (3)
Scrolls
 c - a scroll of fog
 o - a scroll of identify
Potions
 d - a potion of lignification {unknown}
 h - a potion of ambrosia {unknown}
 i - a potion of brilliance {unknown}
 j - a potion of enlightenment {unknown}
 k - a potion of degeneration {unknown}
 l - a potion of haste {unknown}
 m - a potion of cancellation


   Skills:
 - Level 3.2 Fighting
 - Level 2.0 Maces & Flails
 - Level 1.7 Dodging
 - Level 6.0 Stealth
 + Level 6.1 Spellcasting


You had 17 spell levels left.
You didn't know any spells.
Your spell library was empty.

Dungeon Overview and Level Annotations

Branches:
Dungeon (8/15)               Lair (0/5) D:8         Ossuary (visited)
 Temple: D:4-7

Altars:
Nemelex Xobeh

Annotations:
D:5 Menkaure
D:8 exclusions: acid dragon and wyvern


Innate Abilities, Weirdness & Mutations

You cannot be hasted, slowed, berserked, paralysed or teleported.
You can dig through walls and to a lower floor.
You have a pair of large antennae on your head. (SInv)
Your four strong arms can wield two-handed weapons with a shield.


Message History

Unknown command.
Unknown command.
It was a potion of cancellation.
Your magical effects are unravelling.
You feel magically purged.
You feel less confused. The orc priest closely misses you.
The orc wizard hits you with a +0 dagger.
You closely miss the orc priest.
The orc priest is severely wounded.
The orc wizard hits you with a +0 dagger.
The orc priest hits you with a +0 club.
The orc wizard gestures at you while chanting.
You resist with some effort. The orc priest hits you with a +0 club.
You hit the orc priest but do no damage.
The orc priest is severely wounded.
The orc wizard hits you with a +0 dagger.
The orc priest hits you with a +0 club.
You hit the orc priest.
The orc priest is almost dead.
The orc priest looks satisfied for a moment.
The orc wizard hits you with a +0 dagger.
* * * LOW HITPOINT WARNING * * *
You closely miss the orc priest.
The orc priest is almost dead.
The orc wizard hits you with a +0 dagger.
* * * LOW HITPOINT WARNING * * *
The orc priest hits you with a +0 club.
* * * LOW HITPOINT WARNING * * *
Okay, then.
Okay, then.
As you read the scroll of fear, it crumbles to dust.
You assume a fearsome visage.
The orc priest looks frightened!
The orc wizard looks frightened!
Really read the scroll of poison?
The air fills with toxic fumes!
As you read the scroll of poison, it crumbles to dust.
The orc priest calls down the wrath of Beogh upon you.
Beogh smites you!
You die...

#.## ##.#.# ##.#
#.##... #.# #.#
###.# ##.## ##.# #
#...### #..#
##....### ##.##
#......### ###...#
#........#####....##
#..........##.....#
#......##........##
#......####....#.#
######## ##..§§§#
###.§§# ##§§# ####
##§####§§§§
#§o§§§§§§§
#o.§§§§§§§
##§§§§§§§§§
#.#@§§§§§§§
##.###§§§§§§ ##..#
##§§§§ .#######...#
###§ ...........#
#..........#
####...o.o.#
#........#
#..........#
#...........#
#.............#
#..............
#...o........##


You could see an orc priest (fleeing) and an orc wizard (invisible, fleeing).

Vanquished Creatures
  2 elf zombies (Ossuary)
  2 centaur zombies (Ossuary)
  A human zombie (Ossuary)
  A hound zombie (Ossuary)
  3 mummies (Ossuary)
  An adder zombie (Ossuary)
  2 gnoll zombies (Ossuary)
  4 goblin zombies (Ossuary)
  6 hobgoblin zombies (Ossuary)
  2 jackal zombies (Ossuary)
  4 kobold zombies (Ossuary)
  2 orc zombies (Ossuary)
  2 quokka zombies (Ossuary)
  8 rat zombies (Ossuary)
40 creatures vanquished.

Notes
Turn   | Place    | Note
-------+----------+-------------------------------------------
     0 | D:5      | petzl the Formicid Delver began the quest for the Orb.
     0 | D:5      | Reached XP level 1. HP: 18/18 MP: 1/1
    41 | D:5      | Found a sand-covered staircase.
    44 | D:5      | Noticed Menkaure
    54 | D:5      | Noticed a jelly
    56 | D:5      | Noticed an ogre
    60 | D:5      | Noticed an iguana
    62 | Ossuary  | Entered an ossuary
   156 | Ossuary  | Reached skill level 1 in Spellcasting
   195 | Ossuary  | Reached XP level 2. HP: 24/24 MP: 4/4
   356 | Ossuary  | Reached XP level 3. HP: 13/29 MP: 4/7
   505 | Ossuary  | Reached XP level 4. HP: 29/35 MP: 9/9
   658 | Ossuary  | Reached XP level 5. HP: 12/41 MP: 9/11
   847 | Ossuary  | Reached skill level 5 in Spellcasting
   847 | Ossuary  | Reached XP level 6. HP: 12/47 MP: 11/13
  1695 | D:5      | You fall into a shaft and drop 3 floors!
  1830 | D:8      | Noticed an acid dragon
  1832 | D:8      | Noticed a troll
  1832 | D:8      | Noticed a vampire mosquito
  1832 | D:8      | Noticed a wyvern
  1842 | D:8      | Found a sparkling altar of Nemelex Xobeh.
  1843 | D:8      | Noticed an orc warrior
  1955 | D:7      | Killed from afar by an orc priest

Illustrated notes

Levels and vault maps discovered:
D:5:      layout_basic, nicolae_ossuary_entry_ruins, minmay_misc_feat_square,
          uniq_menkaure
D:6:      layout_basic, mainiacjoe_overflow_boulevard,
          mainiacjoe_overflow_24_doors, lemuel_round_altar,
          nicolae_uskayaw_murder_on_the_dancefloor, minmay_crystal_room
D:7:      due_chaos_kobolds, layout_cave_pods, minmay_temple_entry_purple_smoke,
          serial_shops, shop, uniq_joseph
D:8:      layout_loops_ring, mainiacjoe_overflow_concentric_impassable,
          david_lair_shrubbed, minmay_shattered_shrine, uniq_erica

Skill      XL: |  1  2  3  4  5  6 |
---------------+-------------------+-----
Spellcasting   | 1 3 4 5 6 |  6.1
Fighting       | |  3.2
Maces & Flails | |  2.0
Dodging        | |  1.7
Stealth        | |  6.0

Action                     |  1- 3 |  4- 6 || total
---------------------------+-------+-------++-------
  Melee: Mace              |    82 |   150 ||   232
         Punch             |     1 |     5 ||     6
Ability: Shaft Self        |       |     1 ||     1
    Use: Scroll            |       |     5 ||     5
         Potion            |       |     1 ||     1
   Stab: Sleeping          |       |     2 ||     2
 Armour: Leather armour    |    17 |    38 ||    55
  Dodge: Dodged            |    43 |    83 ||   126

Table legend: (Time is in decaauts)
 A = Elapsed time spent in this place.
 B = Non-inter-level travel time spent in this place.
 C = Inter-level travel time spent in this place.
 D = Time resting spent in this place.
 E = Time spent auto-exploring this place.
 F = Levels seen in this place.
 G = Mean time per level.
                   A        B        C        D        E       F      G
               +--------+--------+--------+--------+--------+-----+--------+
         Total |   2023 |   2023 |      0 |    705 |    164 |   5 |  404.6 |
       Dungeon |    328 |    328 |      0 |    133 |     62 |   4 |   82.0 |
       Ossuary |   1695 |   1695 |      0 |    572 |    102 |   1 | 1695.0 |
               +--------+--------+--------+--------+--------+-----+--------+

Top non-repeatable levels by time:
 Ossuary: 1695 daAuts
     D:8: 157 daAuts
     D:7: 105 daAuts
     D:5: 43 daAuts
     D:6: 21 daAuts
